 Dungeon Crawl Stone Soup version 0.30-a0-1008-g30c9307041 (webtiles) character file.

Game seed: 289069410428097102

18613 Newt the Markskobold (level 12, -17/65 HPs)
             Began as a Kobold Hunter on Apr 5, 2023.
             Was an Elder of Hepliaklqana.
             Killed from afar by Azrael (46 damage)
             ... with a bolt of fire
             ... on level 12 of the Dungeon.
             The game lasted 00:15:02 (11606 turns).

Newt the Markskobold (Kobold Hunter)               Turns: 11606, Time: 00:15:04

Health: -17/65     AC:  9    Str:  8    XL:     12   Next: 97%
Magic:  0/30       EV: 19    Int: 10    God:    Hepliaklqana [****..]
Gold:   866        SH:  0    Dex: 24    Spells: 21/24 levels left

rFire   . . .      SeeInvis .    g - +6 sling (elec)
rCold   . . .      Faith    .    (no shield)
rNeg    . . .      Spirit   +    L - +0 steam dragon scales
rPois   +          Reflect  .    m - +1 hat
rElec   .          Rampage  .    p - +0 cloak
rCorr   .                        C - +0 pair of gloves
Will    .....                    (no boots)
Stlth   ++++                     K - amulet of guardian spirit
HPRegen 0.30/turn                t - ring of magical power
MPRegen 0.22/turn                u - ring of poison resistance

@: no status effects
A: reduced essence, small, no large weapons, nightstalker 3
a: Renounce Religion, Recall Ancestor, Ancestor Identity, Transference, Idealise


You were on level 12 of the Dungeon.
You worshipped Hepliaklqana.
Hepliaklqana was greatly pleased with you.
You visited 1 branch of the dungeon, and saw 12 of its levels.
You also visited: Sewer, Ossuary and Bailey.

You collected 938 gold pieces.
You spent 72 gold pieces at shops.

Inventory:

Hand Weapons
 a - a +0 shortbow of draining
 g - a +6 sling of electrocution (weapon)
 Q - a +3 shortbow
Armour
 c - a +1 leather armour
 m - a +1 hat (worn)
 p - a +0 cloak (worn)
 C - a +0 pair of gloves (worn)
 L - +0 steam dragon scales (worn)
Jewellery
 t - a ring of magical power (left hand)
 u - a ring of poison resistance (right hand)
 y - an amulet of faith
 D - a ring of protection from cold
 K - an amulet of guardian spirit (around neck)
Wands
 B - a wand of iceblast (12)
 G - a wand of flame (12)
 H - a wand of acid (11)
 N - a wand of polymorph (6)
 P - a wand of mindburst (9)
Scrolls
 b - 2 scrolls of immolation
 e - 2 scrolls of fear
 l - 2 scrolls of enchant armour
 q - a scroll of blinking
 r - 2 scrolls of poison
 x - 2 scrolls of magic mapping
 I - a scroll of teleportation
 J - a scroll of amnesia
 O - 2 scrolls of identify
 R - a scroll of noise
Potions
 d - 5 potions of might
 f - 3 potions of lignification
 h - 2 potions of attraction
 i - 3 potions of brilliance
 j - 3 potions of heal wounds
 k - 4 potions of flight
 n - 3 potions of ambrosia
 o - a potion of mutation
 s - 5 potions of haste
 v - 4 potions of curing
 w - 3 potions of degeneration
 z - a potion of invisibility
 A - a potion of berserk rage
 M - a potion of magic
Miscellaneous
 E - a piece from Xom's chessboard (15/15)
 F - a box of beasts


   Skills:
 - Level 8.0 Fighting
 + Level 15.6 Ranged Weapons
 - Level 4.0 Armour
 - Level 6.0 Dodging
 - Level 5.0 Stealth
 - Level 6.6 Spellcasting
 - Level 6.6 Ice Magic
 - Level 9.0 Invocations
 - Level 6.0 Evocations


You had 21 spell levels left.
You knew the following spells:

 Your Spells              Type           Power      Damage    Failure   Level
a - Frozen Ramparts       Ice            32%        1d5       3%          3

Your spell library contained the following spells:

 Spells                   Type           Power      Damage    Failure   Level
 Apportation              Tloc           6%         N/A       21%         1
 Summon Small Mammal      Summ           12%        N/A       21%         1
 Blink                    Tloc           6%         N/A       30%         2
 Ice Form                 Ice/Tmut       9%         N/A       45%         4
 Summon Ice Beast         Ice/Summ       9%         N/A       45%         4
 Call Canine Familiar     Summ           3%         N/A       52%         3
 Summon Guardian Golem    Hex/Summ       3%         N/A       52%         3
 Manifold Assault         Tloc           3%         N/A       89%         4
 Alistair's Intoxication  Tmut/Pois      2%         N/A       99%         5
 Blade Hands              Tmut           1%         N/A       99%         5
 Irradiate                Conj/Tmut      1%         3d12      99%         5
 Iskenderun's Battlesphe  Conj           3%         2d6       99%         5
 Iron Shot                Conj/Erth      1%         9d1       100%        6
 Dragon Form              Tmut           1%         N/A       100%        7
 Spellforged Servitor     Conj/Summ      1%         N/A       100%        7
 Storm Form               Tmut/Air       1%         N/A       100%        7


Dungeon Overview and Level Annotations

Branches:
Dungeon (12/15)            Temple (0/1) D:5            Lair (0/5) D:11
    Orc (0/2) D:12          Sewer (visited)         Ossuary (visited)
 Bailey (visited)

Altars:
Dithmenos
Elyvilon
Gozag
Hepliaklqana
Ru
Sif Muna
Xom
Yredelemnul

Shops:
D:3 ?   D:4 :   D:9 (

Annotations:
D:12 Azrael


Innate Abilities, Weirdness & Mutations

Your life essence is reduced to manifest your ancestor. (-10% HP)
You are small and have problems with some larger weapons.
You are completely attuned to the shadows.


Message History

Zola resists.
The bolt of fire hits you!!!
You shoot a sling bullet. Zola avoids your attack.
Zola hits something but does no damage.
Something hits Zola!
Something burns Zola.
A fire elemental comes into view.
You shoot a sling bullet. The sling bullet hits the orc!!
You kill the orc!
The hell hound breathes flames at you.
The blast of flame misses Zola.
The blast of flame misses you.
The hell hound bites Zola but does no damage.
You shoot a sling bullet. Zola avoids your attack.
The sling bullet hits the hell hound!
The hell hound is moderately wounded.
Something hits Zola.
Something burns Zola.
Zola hits something but does no damage.
Zola blocks the hell hound's attack.
A hell hound comes into view.
You shoot a sling bullet. Zola avoids your attack.
The sling bullet hits the hell hound!
The hell hound is heavily wounded.
Something hits Zola!
Something burns Zola.
The hell hound breathes flames at you.
The blast of flame hits Zola.
Zola resists.
Zola is destroyed!
The blast of flame hits you!!
You are too injured to fight recklessly!
Unknown command.
The sphere of damnation explodes!
The damnation engulfs you!!
* * * LOW HITPOINT WARNING * * *
You hear a bark!
Unknown command.
The fire elemental closely misses you.
You feel much better. The fire elemental closely misses you.
A bolt of fire appears from out of thin air!
The bolt of fire hits the hell hound.
The hell hound completely resists.
The bolt of fire hits the fire elemental.
The fire elemental completely resists.
The bolt of fire hits you!!!
Ouch! That really hurt!
You die...

...○ .. .>... .. ... ...
###. ..##°# ... ##.######..
!..°°####..#. ....#.....#
#.☼☼{)#... ##.........
##°##...# #....#####.
#.###hh# ..##.### ##
#..###E##...# #...#
#######.###@.(..# ###.##
#.<...<..##..##.## #..#
#........##..##..# ##.#
#...........[÷...#######)#
#..........#####......##)###
#.................###.......
#.........#######...........
#<............###..#######..
#.........# #......## ###


You could see a fire elemental and 2 hell hounds.

Vanquished Creatures
  3 two-headed ogres
  3 death yaks (D:11)
  Urug (D:12)
  Pikel (D:6)
  An orc knight (Bailey)
  3 ugly things
  Maurice (D:12)
  An unseen horror (D:9)
  A kobold demonologist (D:12)
  A komodo dragon (D:12)
  A troll (D:10)
  A hornet (D:10)
  4 wyverns
  A vampire (D:11)
  A shadow (D:12)
  15 yaks
  3 wraiths
  4 vampire mosquitoes (D:11)
  2 steam dragons (D:9)
  A hell hound (D:12)
  An acid dragon (D:11)
  An ice beast (D:6)
  A sky beast (D:8)
  5 orc warriors
  2 black bears
  2 ogres
  10 centaurs
  3 phantoms
  5 kobold brigands
  An elf zombie (Ossuary)
  3 scorpions
  A gnoll sergeant (D:12)
  8 wights
  A troll zombie (D:12)
  8 killer bees (D:9)
  7 howler monkeys
  2 centaur zombies (Ossuary)
  2 hounds
  3 jellies
  7 orc priests
  5 human zombies (Ossuary)
  Crazy Yiuf (D:3)
  2 sleepcaps
  Terence (D:3)
  4 iguanas
  9 orc wizards
  5 ogre zombies (D:12)
  2 hound zombies (Ossuary)
  3 mummies (Ossuary)
  10 gnolls
  16 adders
  6 river rats
  An ufetubus (D:5)
  3 adder zombies (Ossuary)
  2 worms (D:3)
  2 dart slugs
  37 orcs
  6 bats
  3 endoplasms
  6 giant cockroaches
  A gnoll zombie (Ossuary)
  7 goblins
  7 hobgoblins
  11 jackals
  20 kobolds
  7 quokkas
  7 ball pythons
  7 frilled lizards
  6 goblin zombies
  A hobgoblin skeleton (D:12)
  5 hobgoblin zombies
  2 jackal zombies (Ossuary)
  4 kobold zombies (Ossuary)
  An orc skeleton (D:12)
  8 orc zombies (D:12)
  4 quokka zombies (Ossuary)
  12 rats
  6 rat zombies
362 creatures vanquished.

Vanquished Creatures (collateral kills)
  A vampire (D:12)
  3 yaks (D:10)
  An acid dragon (D:8)
  A hell hound (D:12)
  2 orc warriors (Bailey)
  An ogre (D:6)
  A kobold brigand (D:10)
  A wight (D:9)
  A killer bee (D:9)
  3 orc wizards
  An orc (D:9)
  A ball python (Sewer)
  2 kobolds
  4 orc zombies (D:12)
23 creatures vanquished.

Vanquished Creatures (others)
  A howler monkey (D:11)
  4 knights
5 creatures vanquished.

Grand Total: 390 creatures vanquished

Notes
Turn   | Place    | Note
-------+----------+-------------------------------------------
     0 | D:1      | Newt the Kobold Hunter began the quest for the Orb.
     0 | D:1      | Reached XP level 1. HP: 12/12 MP: 1/1
    58 | D:1      | Reached XP level 2. HP: 13/18 MP: 2/2
   370 | D:1      | Reached XP level 3. HP: 21/23 MP: 3/3
   962 | D:2      | Reached XP level 4. HP: 30/30 MP: 4/4
   994 | D:2      | Found a hazy altar of Hepliaklqana.
  1010 | D:2      | Became a worshipper of Hepliaklqana the Forgotten
  1385 | D:3      | Found an opulent altar of Gozag.
  1388 | D:3      | Found a shimmering blue altar of Sif Muna.
  1390 | D:3      | Noticed Terence
  1396 | D:3      | Killed Terence
  1397 | D:3      | Reached skill level 5 in Fighting
  1397 | D:3      | Reached XP level 5. HP: 35/35 MP: 5/5
  1398 | D:3      | Found a sacrificial altar of Ru.
  1403 | D:3      | Found a basalt altar of Yredelemnul.
  1417 | D:3      | Found a shadowy altar of Dithmenos.
  1580 | D:3      | Reached skill level 6 in Ranged Weapons
  1742 | D:3      | Found Zeuxtex's Magic Scroll Emporium.
  1767 | D:3      | Bought a scroll of identify for 24 gold pieces
  1767 | D:3      | Bought a scroll of identify for 24 gold pieces
  1767 | D:3      | Bought a scroll of identify for 24 gold pieces
  1838 | D:3      | Reached skill level 7 in Ranged Weapons
  1869 | D:3      | Reached XP level 6. HP: 40/40 MP: 6/6
  2002 | D:3      | Found a runed translucent door.
  2005 | D:3      | Noticed Crazy Yiuf
  2345 | D:3      | Killed Crazy Yiuf
  2613 | D:4      | Found a sand-covered staircase.
  2624 | D:4      | Reached skill level 8 in Ranged Weapons
  2633 | Ossuary  | Entered an ossuary
  2691 | Ossuary  | Reached XP level 7. HP: 36/44 MP: 7/7
  2766 | Ossuary  | Reached skill level 9 in Ranged Weapons
  2923 | Ossuary  | Reached skill level 10 in Ranged Weapons
  3027 | D:4      | Reached * piety under Hepliaklqana
  3153 | D:4      | Found Neen's Book Boutique.
  3329 | D:4      | Reached XP level 8. HP: 44/44 MP: 8/8
  3729 | D:5      | Entered Level 5 of the Dungeon
  3996 | D:5      | Reached skill level 5 in Dodging
  4135 | D:5      | Found a staircase to the Ecumenical Temple.
  4157 | D:5      | Reached ** piety under Hepliaklqana
  4158 | D:5      | Remembered your ancestor Zola as a knight
  4268 | D:5      | Reached skill level 11 in Ranged Weapons
  4360 | D:6      | Noticed Pikel
  4366 | D:6      | Killed Pikel
  4367 | D:6      | Reached skill level 12 in Ranged Weapons
  4367 | D:6      | Reached XP level 9. HP: 48/48 MP: 9/9
  4377 | D:6      | Reached skill level 13 in Ranged Weapons
  4580 | D:6      | Reached skill level 14 in Ranged Weapons
  4733 | D:6      | Found a glowing drain.
  4737 | Sewer    | Entered a sewer
  5860 | D:7      | Reached XP level 10. HP: 57/57 MP: 10/10
  5866 | D:7      | Reached skill level 1 in Invocations
  6037 | D:7      | Reached skill level 1 in Armour
  6433 | D:7      | Reached *** piety under Hepliaklqana
  6749 | D:8      | Found a flagged portal.
  6756 | Bailey   | Entered a bailey
  6829 | Bailey   | Noticed an orc knight
  6843 | Bailey   | Killed an orc knight
  6862 | Bailey   | Reached skill level 5 in Stealth
  6871 | Bailey   | Reached skill level 1 in Evocations
  7030 | Bailey   | Found a burning altar of Makhleb.
  7445 | D:8      | Reached skill level 5 in Evocations
  7789 | D:8      | Found a shimmering altar of Xom.
  8080 | D:9      | Reached skill level 1 in Spellcasting
  8080 | D:9      | Reached skill level 1 in Ice Magic
  8085 | D:9      | Reached XP level 11. HP: 56/61 MP: 13/13
  8109 | D:9      | Found Gifach's Antique Weapon Shop.
  8264 | D:9      | Learned a level 3 spell: Frozen Ramparts
  8424 | D:9      | Reached **** piety under Hepliaklqana
  9006 | D:10     | Entered Level 10 of the Dungeon
  9056 | D:10     | Noticed a two-headed ogre
  9061 | D:10     | Killed a two-headed ogre
  9062 | D:10     | Reached skill level 5 in Spellcasting
  9062 | D:10     | Reached skill level 5 in Ice Magic
  9872 | D:11     | Found a white marble altar of Elyvilon.
  9873 | D:11     | Noticed a purple ugly thing
  9883 | D:11     | Killed a purple ugly thing
  9884 | D:11     | Reached XP level 12. HP: 58/65 MP: 21/21
 10075 | D:11     | Noticed a death yak
 10088 | D:11     | Noticed a two-headed ogre
 10091 | D:11     | Killed a death yak
 10091 | D:11     | Noticed a death yak
 10092 | D:11     | Reached skill level 5 in Invocations
 10159 | D:11     | Killed a death yak
 10213 | D:11     | Killed a two-headed ogre
 10348 | D:11     | Noticed a death yak
 10366 | D:11     | Killed a death yak
 10447 | D:11     | Found a staircase to the Lair.
 10999 | D:12     | Noticed a two-headed ogre
 11007 | D:12     | Killed a two-headed ogre
 11016 | D:12     | Noticed Urug
 11024 | D:12     | Killed Urug
 11116 | D:12     | Found a staircase to the Orcish Mines.
 11143 | D:12     | Noticed Maurice
 11147 | D:12     | Killed Maurice
 11183 | D:12     | Reached skill level 15 in Ranged Weapons
 11424 | D:12     | Noticed Azrael
 11606 | D:12     | Killed from afar by Azrael

Illustrated notes

Levels and vault maps discovered:
D:1:      psy_arrival_conway, layout_rooms, chequers_decorated_corner,
          minmay_cut_off
D:2:      minmay_evil_eye, layout_loops_cross, basic_altar
D:3:      layout_rooms, grunt_temple_overflow_open, serial_aquarium,
          aquarium_bridge_square [aquarium_subvault_bridge,
          aquarium_subvault_wall, aquarium_subvault_balcony,
          aquarium_subvault_wall], aquarium_bridge_square
          [aquarium_subvault_bridge, aquarium_subvault_wall,
          aquarium_subvault_wall, aquarium_subvault_bridge], aquarium_window_1,
          aquarium_window_corridor_3, aquarium_view_2e, aquarium_view_2a,
          aquarium_balcony_5a, aquarium_pool_1, serial_shops,
          nicolae_shop_hallway_stairs, kennysheep_flooded_box, uniq_terence,
          uniq_crazy_yiuf_cottage
D:4:      layout_basic, serial_shops, nicolae_shop_behind_doors, enter_ossuary_4
D:5:      layout_loops_ring, minmay_temple_entry_junction_2,
          kennysheep_generic_room_15
D:6:      layout_loops_ring, gup_sewer_entry_spiral, hex_tiny, uniq_pikel
D:7:      layout_loops_corners, roderic_st_hans_cross
D:8:      layout_loops_ring, mainiacjoe_overflow_surrounded_room,
          enter_bailey_2, hangedman_glass_teeth
D:9:      layout_basic, serial_shops, nicolae_stop_n_shop_1
D:10:     layout_rooms
D:11:     lemuel_ice_spiral_2, layout_basic, dpeg_lair_monsters,
          elyvilon_altar_5
D:12:     layout_rooms, zombieorc1_lemuel, uniq_urug, uniq_azrael, uniq_maurice

Skill      XL: |  1  2  3  4  5  6  7  8  9 10 11 12 |
---------------+-------------------------------------+-----
Fighting       | 3 4 5 7 8 |  8.0
Ranged Weapons | 7 8 10 12 14 15 | 15.6
Dodging        | 4 6 |  6.0
Invocations    | 1 2 9 |  9.0
Armour         | 4 |  4.0
Stealth        | 5 |  5.0
Evocations     | 6 |  6.0
Spellcasting   | 1 6 |  6.6
Ice Magic      | 1 6 |  6.6

Action                     |  1- 3 |  4- 6 |  7- 9 | 10-12 || total
---------------------------+-------+-------+-------+-------++-------
   Fire: Shortbow          |    14 |       |       |       ||    14
         Sling             |    41 |   163 |   243 |   589 ||  1036
   Cast: Frozen Ramparts   |       |       |       |     9 ||     9
 Invoke: Ancestor Life: Kn |       |       |     1 |       ||     1
         Recall Ancestor   |       |       |       |     6 ||     6
  Evoke: Wand              |       |       |       |     3 ||     3
    Use: Scroll            |     4 |    11 |     7 |     8 ||    30
         Potion            |       |     1 |     1 |     3 ||     5
 Armour: Leather armour    |     4 |    14 |    12 |     2 ||    32
         Steam dragon scal |       |       |       |    19 ||    19
  Dodge: Dodged            |     9 |    68 |    54 |   115 ||   246

Table legend: (Time is in decaauts)
 A = Elapsed time spent in this place.
 B = Non-inter-level travel time spent in this place.
 C = Inter-level travel time spent in this place.
 D = Time resting spent in this place.
 E = Time spent auto-exploring this place.
 F = Levels seen in this place.
 G = Mean time per level.
                   A        B        C        D        E       F      G
               +--------+--------+--------+--------+--------+-----+--------+
         Total |  11528 |  11165 |    363 |    559 |   8640 |  15 |  768.5 |
       Dungeon |  10468 |  10105 |    363 |    421 |   8057 |  12 |  872.3 |
         Sewer |    354 |    354 |      0 |      0 |    262 |   1 |  354.0 |
       Ossuary |    373 |    373 |      0 |      0 |    220 |   1 |  373.0 |
        Bailey |    332 |    332 |      0 |    138 |    100 |   1 |  332.0 |
               +--------+--------+--------+--------+--------+-----+--------+

Top non-repeatable levels by time:
    D:11: 1298 daAuts
     D:3: 1215 daAuts
     D:9: 1117 daAuts
     D:6: 1084 daAuts
     D:7: 967 daAuts
     D:2: 831 daAuts
     D:8: 794 daAuts
     D:4: 779 daAuts
    D:10: 650 daAuts
     D:5: 628 daAuts
     D:1: 560 daAuts
    D:12: 539 daAuts
 Ossuary: 373 daAuts
   Sewer: 354 daAuts
  Bailey: 332 daAuts
